AoeStats
← OaRMäR

Enclosed

505695761Analyzed
1v1 RM · 22d ago on Sep 10, 2026· 23m 56s· 2 players
Game mode
Random Map
Map size
Tiny (2 player)
Population
200
Speed
Normal
Resources
Standard
Victory
Conquest
Starting age
Dark Age
Ending age
Imperial Age
RankedLock teamsTeams togetherTeam positionsShared explorationLock speedFull tech treeHidden civsTurbo modeCheats
Victory
Defeat
🇫🇷 Burmese · France
1072
+15
🇺🇸 Magyars · United States
1047
-15
CivilBeer
11:28 Feudal Age
13:13 Bloodlines
17:15 Castle Age
OaRMäR
6:48 Loom
9:15 Feudal Age
10:08 Horse Collar
14:41 Wheelbarrow
20:03 Castle Age
18:52 Forging
19:27 Scale Mail Armor
20:08 Bloodlines
21:30 Fletching
23:52 Heavy Plow
Connection lost

Rejoining the realm…

Still unreachable

The connection could not be restored.

Session expired

The server has moved on; the page needs a fresh start.